Map: Sito di ricerca JD-2

Players

Venegrad - Winner!

  • Race: Terran Terran
  • Spawn Location: 1:00

Jhyrachy - Winner!

  • Race: Zerg Zerg
  • League: Gold
  • Spawn Location: 12:00

hoalu - Winner!

  • Race: Protoss Protoss
  • Spawn Location: 3:00

ForceRecon - Winner!

  • Race: Protoss Protoss
  • League: Bronze
  • Spawn Location: 12:00

rollo

  • Race: Terran Terran
  • Spawn Location: 6:00

DeeCosta

  • Race: Terran Terran
  • League: Bronze
  • Spawn Location: 7:00

Павел

  • Race: Terran Terran
  • League: Silver
  • Spawn Location: 7:00

Tears

  • Race: Terran Terran
  • League: Silver
  • Spawn Location: 6:00

VOD

Have the link to the VOD?

Description

Time

  • Played on: April 19, 2016, 6:31 p.m.
  • Length: 15:41
Show
View Real Time Build Order
Export as new Build Order

Venegrad Terran - Winner!

Build Orders:  

Get SALT Encoding   

  12  0:04  SCV  
  13  0:16  SCV  
  14  0:45  Command Center  
  14  0:48  SCV  
  15  0:56  Supply Depot  
  15  1:17  SCV  
  16  1:30  Command Center  
  16  1:34  SCV  
  17  1:46  SCV  
  18  1:58  SCV  
  19  2:03  Refinery  
  19  2:05  SCV  
  20  2:12  Refinery  
  20  2:15  SCV  
  21  2:17  SCV  
  22  2:24  Refinery  
  22  2:27  SCV  
  22  2:29  SCV  
  24  2:39  SCV  
  24  2:41  SCV  
  26  2:48  SCV  
  27  2:51  SCV  
  27  2:54  SCV  
  29  3:00  SCV  
  29  3:03  SCV  
  31  3:06  SCV  
  31  3:12  SCV  
  33  3:15  SCV  
  33  3:18  SCV  
  35  3:24  SCV  
  36  3:28  SCV  
  36  3:30  SCV  
  38  3:36  SCV  
  38  3:38  Refinery  
  38  3:40  SCV  
  40  3:42  SCV  
  42  3:48  SCV  
  42  3:51  Barracks  
  42  3:52  SCV  
  42  3:54  SCV  
  44  3:59  Supply Depot  
  44  4:00  SCV  
  45  4:04  SCV  
  45  4:06  SCV  
  47  4:12  SCV  
  47  4:16  SCV  
  49  4:18  SCV  
  49  4:22  Supply Depot  
  50  4:24  SCV  
  50  4:28  SCV  
  50  4:30  SCV  
  53  4:33  Engineering Bay  
  53  4:36  SCV  
  54  4:40  SCV  
  54  4:42  SCV  
  56  4:47  Refinery, Supply Depot  
  56  4:49  SCV  
  56  4:51  Refinery  
  56  4:52  SCV  
  58  4:55  SCV  
  58  4:58  Barracks Tech Lab  
  59  5:01  SCV  
  59  5:03  Barracks  
  60  5:07  Terran Infantry Weapons Level 1  
  60  5:09  Supply Depot  
  60  5:10  Engineering Bay  
  60  5:13  SCV  
  61  5:20  Ghost Academy  
  61  5:25  SCV  
  62  5:37  SCV x2  
  62  5:41  SCV  
  65  5:49  SCV, Personal Cloaking  
  66  5:53  Barracks Tech Lab  
  66  5:54  SCV  
  67  5:59  Barracks  
  67  6:01  SCV, Barracks  
  68  6:06  SCV, Supply Depot  
  68  6:10  Terran Infantry Armor Level 1  
  69  6:13  SCV  
  69  6:15  Factory  
  69  6:18  Orbital Command, SCV  
  71  6:29  Supply Depot  
  71  6:34  Ghost  
  71  6:39  Ghost  
  75  6:52  Supply Depot  
  75  7:01  Armory  
  75  7:03  Ghost  
  75  7:05  Barracks Tech Lab  
  75  7:07  Barracks Tech Lab, Ghost  
  79  7:14  Supply Depot  
  79  7:31  Ghost  
  79  7:36  Ghost x3, Supply Depot  
  87  7:41  Nuke  
  87  8:00  Ghost  
  87  8:04  Ghost x3  
  95  8:28  Ghost  
  95  8:32  Nuke  
  95  8:33  Ghost x3  
  103  8:36  Terran Infantry Weapons Level 2  
  103  8:37  Terran Infantry Armor Level 2  
  103  8:57  Ghost  
  103  9:01  Ghost x2  
  103  9:02  Ghost  
  111  9:15  Supply Depot  
  111  9:25  Ghost  
  111  9:30  Ghost x3  
  119  9:37  Supply Depot  
  119  9:54  Ghost  
  119  9:58  Ghost x2  
  119  9:59  Ghost, Supply Depot  
  127  10:22  Ghost  
  127  10:23  Supply Depot  
  127  10:27  Ghost x3  
  127  10:28  Nuke  
  135  10:46  Supply Depot  
  135  10:51  Ghost  
  135  10:55  Ghost x2  
  135  10:56  Ghost, Terran Infantry Weapons Level 3  
  143  10:57  Terran Infantry Armor Level 3  
  143  11:10  Supply Depot  
  143  11:19  Ghost  
  143  11:24  Ghost x3  
  151  11:32  Supply Depot  
  151  11:48  Ghost  
  151  11:52  Ghost x2  
  151  11:53  Ghost  
  157  11:54  Supply Depot  
  157  11:57  Nuke  
  157  12:17  Ghost, Supply Depot  
  157  12:21  Ghost x3  
  165  12:40  Supply Depot  
  165  12:44  Command Center  
  165  12:45  Ghost  
  165  12:49  Ghost  
  165  12:50  Ghost x2  
  171  13:14  Ghost  
  171  13:18  Ghost x3  
  179  13:42  Ghost  
  179  13:46  Ghost  
  179  13:47  Ghost x2  
  187  14:11  Ghost  
  187  14:15  Ghost x2  
  193  14:48  Ghost x3  
Show
View Real Time Build Order
Export as new Build Order

Jhyrachy Zerg - Winner!

Build Orders: Hatch First 

Get SALT Encoding   

  12  0:02  Drone  
  13  0:09  Drone  
  14  0:18  Overlord  
  14  0:38  Drone  
  14  0:39  Drone x2  
  17  0:57  Hatchery  
  17  1:01  Drone, Extractor  
  17  1:02  Drone  
  17  1:13  Drone  
  18  1:21  Spawning Pool  
  18  1:22  Drone  
  18  1:33  Drone  
  19  1:45  Overlord  
  19  1:55  Drone  
  20  2:09  Queen  
  20  2:12  Drone x2  
  24  2:16  Extractor  
  24  2:20  Drone  
  24  2:23  Drone  
  24  2:24  Queen  
  24  2:28  Drone  
  28  2:41  Drone  
  29  2:45  Drone  
  29  2:46  Drone  
  31  2:52  Drone x2  
  31  2:53  Lair  
  33  3:12  Drone x3  
  36  3:19  Overlord x2  
  36  3:33  Evolution Chamber  
  35  3:36  Evolution Chamber  
  35  3:37  Drone x2  
  37  3:41  Drone x4  
  37  3:42  Drone x2  
  37  3:46  Extractor  
  41  3:49  Extractor  
  41  3:55  Drone, Infestation Pit  
  40  3:59  Zerg Ground Armor Level 1  
  40  4:02  Zerg Melee Weapons Level 1  
  40  4:07  Drone x4  
  44  4:29  Drone x2  
  44  4:30  Drone x2  
  48  4:32  Overlord x2  
  48  4:33  Overlord  
  48  4:41  Drone  
  49  4:55  Hive  
  49  5:00  Metabolic Boost  
  49  5:32  Hatchery  
  48  5:43  Drone  
  49  5:59  Zerg Melee Weapons Level 2  
  49  6:00  Zerg Ground Armor Level 2  
  49  6:07  Ultralisk Cavern  
  48  6:42  Drone  
  48  6:43  Drone x14  
  48  6:44  Drone  
  64  6:48  Drone x2  
  64  6:54  Chitinous Plating  
  66  6:56  Overlord x4  
  66  6:57  Overlord  
  66  6:59  Pneumatized Carapace  
  66  7:19  Ultralisk x5  
  96  7:43  Spore Crawler  
  95  7:44  Spore Crawler  
  95  7:45  Spore Crawler  
  93  8:00  Extractor  
  93  8:03  Extractor  
  91  8:09  Nydus Network  
  84  8:53  Viper  
  84  8:54  Drone x2  
  84  8:55  Hatchery  
  88  9:02  Zerg Ground Armor Level 3, Zerg Melee Weapons Level 3  
  88  9:05  Ultralisk  
  94  10:03  Overseer x3  
  94  10:14  Queen  
  94  10:18  Drone x4  
  94  10:19  Drone x5  
  94  10:20  Drone x4  
  94  10:21  Drone x3  
  111  10:23  Spore Crawler  
  111  10:25  Spore Crawler  
  111  10:27  Spore Crawler  
  109  10:34  Nydus Canal  
  109  11:06  Overlord x2  
  109  11:07  Overlord x5  
  109  11:14  Hatchery  
  114  12:08  Ultralisk  
  114  12:09  Ultralisk x10  
  114  12:13  Extractor  
  173  12:15  Extractor  
  172  12:24  Nydus Canal  
  172  12:38  Zergling x14  
  172  12:39  Zergling x10  
  154  14:07  Ultralisk  
  154  14:08  Ultralisk x3  
  171  14:10  Overlord x3  
  166  14:30  Nydus Canal  
  158  14:52  Queen  
Show
View Real Time Build Order
Export as new Build Order

hoalu Protoss - Winner!

Build Orders:  

Get SALT Encoding   

  12  0:15  Probe (Chrono Boost)  
  13  0:28  Probe (Chrono Boost)  
  14  0:30  Pylon  
  14  0:38  Probe (Chrono Boost)  
  15  0:49  Probe (Chrono Boost)  
  16  0:52  Forge  
  16  0:59  Probe (Chrono Boost)  
  17  1:05  Assimilator  
  17  1:10  Probe (Chrono Boost)  
  18  1:13  Gateway  
  18  1:20  Probe (Chrono Boost)  
  19  1:29  Gateway  
  19  1:40  Pylon  
  19  1:42  Probe (Chrono Boost)  
  20  1:52  Probe (Chrono Boost)  
  21  1:57  Photon Cannon  
  21  2:03  Photon Cannon  
  21  2:16  Assimilator  
  21  2:43  Probe (Chrono Boost)  
  22  2:50  Nexus  
  22  2:53  Probe (Chrono Boost)  
  23  3:08  Assimilator  
  23  3:12  Assimilator  
  23  3:22  Cybernetics Core  
  23  3:25  Pylon  
  23  3:27  Pylon  
  23  3:43  Pylon  
  23  4:03  Probe x2 (Chrono Boost)  
  25  4:13  Probe (Chrono Boost)  
  25  4:14  Probe (Chrono Boost)  
  27  4:22  Stargate  
  27  4:24  Stargate, Probe x2 (Chrono Boost)  
  29  4:25  Stargate  
  29  4:34  Probe (Chrono Boost)  
  29  4:35  Probe (Chrono Boost)  
  31  4:45  Probe x2 (Chrono Boost)  
  33  4:55  Probe (Chrono Boost)  
  33  4:56  Probe (Chrono Boost)  
  35  5:06  Probe x2 (Chrono Boost)  
  37  5:13  Void Ray  
  41  5:17  Probe x2 (Chrono Boost)  
  41  5:18  Void Ray  
  47  5:27  Probe x2 (Chrono Boost)  
  49  5:29  Void Ray  
  53  5:38  Probe x2 (Chrono Boost)  
  55  5:48  Probe x2 (Chrono Boost)  
  57  5:55  Void Ray  
  61  5:59  Probe x2 (Chrono Boost)  
  63  6:21  Void Ray  
  67  6:37  Pylon  
  67  6:38  Pylon  
  67  6:41  Pylon  
  67  6:53  Nexus  
  67  6:54  Void Ray  
  67  6:55  Void Ray  
  67  6:57  Assimilator  
  67  7:01  Assimilator  
  75  7:04  Void Ray  
  75  7:05  Pylon  
  79  7:17  Photon Cannon  
  79  7:21  Photon Cannon  
  75  7:37  Void Ray  
  75  7:44  Robotics Facility  
  59  8:32  Observer  
  60  8:53  Observer  
  61  9:12  Probe (Chrono Boost)  
  61  9:13  Probe (Chrono Boost)  
  61  9:14  Observer  
  64  9:23  Probe x2 (Chrono Boost)  
  66  9:33  Probe (Chrono Boost)  
  66  9:34  Probe (Chrono Boost)  
  68  9:44  Probe x2 (Chrono Boost)  
  70  9:54  Probe (Chrono Boost)  
  70  9:55  Probe x2 (Chrono Boost)  
  73  10:05  Probe x3 (Chrono Boost)  
  76  10:15  Probe (Chrono Boost)  
  76  10:16  Probe x2 (Chrono Boost)  
  79  10:26  Probe x3 (Chrono Boost)  
  82  10:37  Probe (Chrono Boost)  
  83  10:56  Void Ray  
  87  10:57  Void Ray x2  
  96  11:11  Probe x2 (Chrono Boost)  
  96  11:12  Probe (Chrono Boost)  
  98  11:22  Probe x3 (Chrono Boost)  
  101  11:27  Pylon  
  101  11:29  Pylon  
  101  11:31  Pylon  
  101  11:32  Probe x2 (Chrono Boost)  
  104  11:33  Probe (Chrono Boost)  
  104  11:39  Robotics Bay, Void Ray x2  
  108  11:40  Void Ray  
  108  11:43  Probe (Chrono Boost)  
  117  11:50  Probe x2 (Chrono Boost)  
  117  11:53  Probe (Chrono Boost)  
  120  12:00  Probe (Chrono Boost)  
  120  12:01  Probe (Chrono Boost)  
  122  12:04  Probe (Chrono Boost)  
  123  12:11  Probe x2 (Chrono Boost)  
  123  12:14  Probe (Chrono Boost)  
  126  12:16  Pylon  
  126  12:17  Pylon  
  126  12:19  Pylon  
  126  12:21  Pylon  
  126  12:22  Probe (Chrono Boost), Void Ray x3  
  131  12:24  Pylon  
  131  12:27  Pylon  
  139  12:38  Mothership Core (Chrono Boost)  
  139  12:40  Probe (Chrono Boost)  
  139  12:43  Colossus  
  148  12:55  Protoss Air Weapons Level 1  
  148  13:04  Cybernetics Core  
  148  13:12  Fleet Beacon  
  126  14:59  Pylon  
  126  15:01  Pylon  
  126  15:02  Pylon  
  126  15:05  Pylon  
  126  15:06  Pylon  
  126  15:07  Pylon  
  126  15:14  Pylon  
Show
View Real Time Build Order
Export as new Build Order

ForceRecon Protoss - Winner!

Build Orders:  

Get SALT Encoding   

  12  0:03  Probe (Chrono Boost)  
  13  0:13  Probe (Chrono Boost)  
  14  0:30  Pylon  
  14  0:48  Pylon  
  14  1:00  Forge  
  14  1:05  Gateway  
  14  1:37  Pylon  
  15  1:40  Probe (Chrono Boost)  
  15  1:44  Photon Cannon  
  15  1:55  Photon Cannon  
  15  2:03  Photon Cannon  
  15  2:07  Probe (Chrono Boost)  
  16  2:17  Cybernetics Core  
  16  2:22  Photon Cannon  
  16  2:26  Photon Cannon  
  16  2:32  Probe (Chrono Boost)  
  17  2:37  Photon Cannon  
  17  2:49  Photon Cannon  
  17  3:00  Pylon  
  17  3:07  Pylon  
  17  3:20  Photon Cannon  
  17  3:27  Probe (Chrono Boost)  
  17  3:33  Pylon  
  18  3:38  Probe (Chrono Boost)  
  18  3:39  Pylon  
  19  3:54  Assimilator  
  19  3:56  Assimilator  
  19  4:00  Photon Cannon  
  19  4:07  Probe (Chrono Boost)  
  20  4:21  Probe (Chrono Boost)  
  21  4:36  Probe (Chrono Boost)  
  22  4:52  Probe (Chrono Boost)  
  23  5:06  Nexus  
  23  5:10  Pylon  
  24  5:14  Probe (Chrono Boost)  
  24  5:22  Stargate  
  24  5:26  Stargate  
  24  5:37  Photon Cannon  
  24  5:40  Assimilator  
  24  5:42  Probe (Chrono Boost)  
  25  5:45  Assimilator  
  26  5:58  Mothership Core (Chrono Boost)  
  27  6:16  Probe (Chrono Boost)  
  27  6:17  Cybernetics Core  
  27  6:18  Fleet Beacon  
  28  6:27  Probe x2 (Chrono Boost)  
  30  6:49  Probe x2 (Chrono Boost)  
  32  7:01  Tempest (Chrono Boost)  
  36  7:16  Tempest (Chrono Boost)  
  36  7:20  Probe (Chrono Boost)  
  36  7:21  Probe (Chrono Boost)  
  42  7:37  Robotics Facility  
  42  8:10  Tempest (Chrono Boost)  
  42  8:13  Tempest (Chrono Boost)  
  50  8:25  Observer (Chrono Boost)  
  52  8:48  Observer (Chrono Boost)  
  52  8:54  Tempest  
  52  9:00  Tempest  
  60  9:14  Probe x2  
  62  9:19  Photon Cannon  
  62  9:27  Pylon  
  62  9:28  Photon Cannon  
  62  9:30  Probe  
  63  9:31  Tempest  
  63  9:37  Observer (Chrono Boost)  
  68  9:48  Tempest  
  72  10:02  Observer (Chrono Boost)  
  73  10:23  Tempest  
  73  10:31  Tempest  
  81  10:38  Observer (Chrono Boost)  
  82  10:59  Stargate  
  82  11:00  Stargate  
  82  11:13  Observer (Chrono Boost)  
  82  11:34  Tempest (Chrono Boost)  
  86  11:53  Observer (Chrono Boost)  
  87  11:54  Tempest (Chrono Boost)  
  95  12:23  Tempest (Chrono Boost)  
  95  12:33  Tempest (Chrono Boost)  
  99  12:46  Observer  
  95  13:33  Protoss Air Weapons Level 1  
  95  13:43  Cybernetics Core  
  95  13:50  Tempest (Chrono Boost)  
  99  14:54  Pylon  
  99  14:56  Pylon  
  99  14:57  Pylon  
  99  14:58  Pylon  
  99  15:00  Pylon  
  99  15:01  Pylon  
  99  15:03  Pylon  
  99  15:05  Pylon  
  115  15:31  Stargate  
  115  15:33  Stargate  
Show
View Real Time Build Order
Export as new Build Order

rollo Terran 

Build Orders:  

Get SALT Encoding   

  12  0:11  SCV  
  13  0:23  SCV  
  15  0:35  SCV  
  15  1:03  Supply Depot  
  15  1:05  Engineering Bay  
  15  1:08  Refinery  
  15  1:13  Refinery  
  15  1:25  SCV  
  16  1:35  Barracks  
  16  1:37  SCV  
  17  1:49  SCV  
  17  1:52  Missile Turret  
  18  2:01  SCV  
  19  2:13  Missile Turret, SCV  
  20  2:23  Barracks  
  20  2:25  SCV  
  21  2:38  SCV  
  22  2:50  SCV  
  23  3:09  Planetary Fortress  
  23  3:10  Supply Depot  
  23  3:12  Barracks  
  23  3:24  Barracks  
  23  3:31  Barracks  
  23  3:40  Supply Depot  
  23  3:53  Barracks Reactor x2  
  23  4:01  Barracks  
  23  4:04  Barracks Reactor  
  23  4:46  Barracks Reactor x2  
  23  4:49  Barracks Reactor  
  23  4:55  Missile Turret  
  23  5:00  Command Center  
  23  5:01  Missile Turret  
  23  5:16  Missile Turret  
  23  5:50  Reaper x4  
  23  5:51  Reaper x6  
  23  5:52  Reaper x2  
  35  6:02  Terran Infantry Weapons Level 1  
  35  6:12  SCV  
  35  6:13  Missile Turret  
  36  6:24  SCV  
  37  6:31  Refinery  
  37  6:34  Refinery  
  37  6:36  SCV  
  38  6:48  SCV  
  39  7:01  SCV  
  40  7:03  Reaper x5  
  40  7:04  Reaper x5  
  40  7:06  Reaper x2  
  52  7:14  Orbital Command  
  52  7:56  Terran Infantry Armor Level 1  
  49  9:02  Reaper  
  50  9:03  Reaper x4  
  54  9:50  Hi-Sec Auto Tracking  
  54  10:11  Reaper x2  
  54  10:12  Reaper x2  
  54  10:30  Reaper x8  
  54  10:33  Supply Depot  
  62  10:40  Supply Depot  
  62  10:55  Reaper x4  
  66  10:57  Supply Depot x2  
  66  11:02  Reaper x8  
  66  11:03  Supply Depot  
  74  11:22  Supply Depot  
  74  11:25  Supply Depot  
  74  11:27  Reaper x4  
  74  11:28  Supply Depot  
  78  11:34  Reaper  
  79  11:45  Missile Turret, Building Armor  
  79  11:50  Missile Turret  
  79  11:52  Missile Turret  
  79  11:56  Marine x6  
  79  11:57  Marine  
  79  11:59  Marine x4  
  90  12:06  Marine  
  91  12:13  Marine  
  91  12:14  Marine x6  
  98  12:16  Marine x4  
  102  12:23  Marine  
  103  12:31  Marine x3  
  103  12:32  Marine x4  
  103  12:34  Marine x4  
  114  12:41  Marine  
  115  12:49  Marine x4  
  119  13:02  Marine x5  
  119  13:03  Marine x2  
Show
View Real Time Build Order
Export as new Build Order

DeeCosta Terran 

Build Orders:  

Get SALT Encoding   

  12  0:05  SCV  
  13  0:15  Supply Depot  
  13  0:20  SCV  
  14  0:30  Supply Depot  
  14  0:34  SCV  
  15  0:48  SCV  
  16  0:53  Barracks  
  16  1:00  SCV  
  17  1:09  Barracks  
  17  1:13  SCV  
  18  1:26  SCV  
  19  1:40  Orbital Command  
  19  1:56  Command Center  
  19  2:13  SCV  
  20  2:21  Engineering Bay  
  20  2:25  Marine, SCV  
  20  2:26  Marine  
  23  2:37  Refinery  
  23  2:44  Marine x2  
  23  2:45  Barracks  
  23  2:49  Refinery  
  25  2:54  Missile Turret  
  25  3:08  Marine  
  25  3:09  Marine  
  25  3:11  Missile Turret  
  27  3:14  SCV  
  28  3:21  Missile Turret  
  28  3:25  Missile Turret  
  28  3:26  SCV  
  29  3:37  Missile Turret  
  29  3:41  Refinery  
  29  3:46  Terran Infantry Weapons Level 1  
  29  3:48  Missile Turret  
  29  3:55  Barracks  
  29  3:56  Marine  
  29  3:58  Refinery  
  29  3:59  Marine  
  31  4:03  SCV  
  32  4:15  SCV  
  33  4:17  Orbital Command  
  33  4:25  Barracks Tech Lab  
  33  4:29  Barracks Reactor  
  33  4:39  Barracks Reactor  
  33  4:45  Barracks Tech Lab  
  33  4:46  Factory  
  33  4:54  SCV  
  34  5:01  SCV  
  34  5:06  SCV  
  36  5:09  Combat Shields  
  36  5:13  Marine x2, SCV  
  39  5:15  Marine  
  39  5:16  Marine  
  39  5:18  SCV  
  42  5:34  Factory Tech Lab  
  42  5:35  Engineering Bay  
  42  5:40  Terran Infantry Armor Level 1, Armory  
  42  5:44  SCV  
  42  5:48  SCV  
  44  5:56  SCV  
  45  5:58  Supply Depot  
  45  6:00  SCV  
  46  6:09  SCV  
  47  6:16  Hi-Sec Auto Tracking  
  47  6:21  Supply Depot  
  47  6:26  Armory  
  47  6:30  Starport  
  47  6:36  Marine  
  47  6:37  Marine x5  
  53  6:43  SCV  
  54  6:54  Marine x2  
  54  6:55  SCV  
  54  7:01  Supply Depot  
  57  7:05  Concussive Shells  
  57  7:09  Marine x4  
  57  7:12  Marine x2  
  63  7:16  Armory, Terran Infantry Weapons Level 2  
  63  7:22  SCV  
  64  7:25  Supply Depot  
  64  7:30  Starport Tech Lab  
  64  7:34  Building Armor, SCV  
  65  7:38  Fusion Core, Terran Vehicle And Ship Armor Level 1  
  65  7:49  Stimpack  
  65  7:51  Terran Vehicle Weapons Level 1  
  65  8:09  Marine x2  
  65  8:10  Marine x4  
  71  8:21  Missile Turret  
  71  8:27  Marine  
  72  8:40  Command Center  
  78  9:31  Battlecruiser  
  78  9:32  Terran Ship Weapons Level 1  
  78  9:34  Marine  
  78  9:35  Marine x3  
  78  9:36  Marine x2  
  84  9:41  Terran Infantry Armor Level 2  
  84  9:43  Terran Vehicle And Ship Armor Level 2  
  84  9:46  Terran Infantry Weapons Level 3  
  84  9:52  Marine  
  85  9:53  Planetary Fortress, Marine x4  
  89  10:02  Thor  
  89  10:03  Starport  
  95  10:13  Starport  
  95  10:43  Raven  
  95  10:47  Starport Tech Lab  
  97  11:13  Behemoth Reactor  
  97  11:17  Starport Tech Lab  
  97  11:18  Marine x2  
  98  11:19  Marine x4  
  103  11:26  Raven  
  105  11:36  Marine x3  
  105  11:37  Marine x3  
  111  11:41  Battlecruiser  
  117  12:09  Weapon Refit  
  117  12:11  Marine x6, Medivac  
  125  12:22  Supply Depot  
  125  12:29  Marine x6  
  131  12:41  Medivac  
  133  12:45  Supply Depot, Medivac  
  133  12:46  Marine x6  
  141  13:04  Marine x6  
  127  13:08  Supply Depot  
  87  13:15  Medivac  
  67  13:22  Marine x4  
  67  13:23  Marine  
Show
View Real Time Build Order
Export as new Build Order

Павел Terran 

Build Orders: Command Center First (CC) 

Get SALT Encoding   

  12  0:03  SCV  
  13  0:33  SCV  
  14  0:45  SCV  
  14  0:49  Supply Depot  
  15  1:10  SCV  
  16  1:12  Supply Depot  
  16  1:22  SCV  
  17  1:25  Command Center  
  17  1:33  Supply Depot  
  17  1:34  SCV  
  17  1:39  Barracks  
  18  1:46  SCV  
  19  1:51  Refinery  
  19  1:58  SCV  
  20  2:02  Supply Depot  
  20  2:11  SCV  
  21  2:23  SCV, Barracks  
  22  2:36  Orbital Command  
  22  2:43  Orbital Command  
  22  2:59  Refinery  
  22  3:14  Barracks Tech Lab  
  22  3:15  Barracks Reactor  
  22  3:19  Barracks  
  22  3:22  SCV  
  23  3:28  SCV  
  24  3:34  SCV  
  24  3:37  Refinery  
  24  3:40  SCV  
  26  3:46  SCV  
  26  3:47  Factory  
  27  3:51  Engineering Bay  
  27  3:53  SCV  
  28  3:59  SCV  
  29  4:05  SCV  
  30  4:11  SCV  
  31  4:17  SCV  
  31  4:23  SCV  
  33  4:24  Command Center  
  33  4:29  SCV  
  33  4:31  Barracks Reactor  
  34  4:34  Terran Infantry Weapons Level 1  
  34  4:35  SCV  
  35  4:41  SCV  
  35  4:44  Marine  
  35  4:45  Marine x2  
  39  5:02  Command Center, Marine  
  40  5:10  SCV  
  41  5:19  Supply Depot  
  41  5:22  SCV  
  42  5:32  Marine x5  
  42  5:34  SCV  
  48  5:40  Starport  
  48  5:41  Supply Depot  
  48  5:46  SCV, Barracks  
  48  5:47  Combat Shields  
  49  5:50  Marine x2  
  49  5:54  Marine x2  
  49  5:55  Marine  
  54  5:59  SCV  
  55  6:04  Supply Depot  
  55  6:07  Marine  
  55  6:08  Marine  
  57  6:26  Refinery  
  57  6:28  Terran Infantry Armor Level 1  
  58  6:32  SCV  
  58  6:34  Supply Depot  
  58  6:39  Missile Turret  
  58  6:45  SCV  
  59  6:48  Marine x4  
  59  6:49  Marine  
  64  6:57  SCV, Supply Depot  
  64  6:58  Missile Turret  
  64  7:00  SCV  
  66  7:03  SCV  
  66  7:06  Marine x3, Stimpack  
  70  7:12  SCV  
  70  7:13  Planetary Fortress  
  71  7:16  SCV  
  71  7:18  Missile Turret  
  71  7:19  Supply Depot  
  72  7:24  Armory, SCV  
  72  7:26  Barracks Reactor  
  72  7:28  Marine  
  72  7:29  Marine x2  
  76  7:33  Marine x2  
  76  7:36  SCV  
  79  7:38  Starport Reactor  
  79  7:39  Missile Turret  
  79  7:45  SCV  
  79  7:46  Marine x2  
  79  7:47  Marine  
  79  7:48  SCV  
  84  7:57  SCV  
  85  8:04  Marine x3  
  88  8:10  Missile Turret, SCV  
  89  8:14  Refinery  
  89  8:22  SCV  
  89  8:23  Hi-Sec Auto Tracking, Marauder  
  92  8:30  Supply Depot  
  92  8:31  Missile Turret  
  92  8:32  Supply Depot  
  92  8:34  SCV  
  93  8:35  Medivac x2  
  93  8:42  Marine x4  
  93  8:44  Marauder  
  99  8:54  Supply Depot  
  98  9:00  Marine x4  
  98  9:01  Missile Turret x2  
  102  9:03  Missile Turret  
  102  9:05  Medivac  
  102  9:06  Marauder  
  102  9:07  Concussive Shells  
  102  9:08  Planetary Fortress  
  106  9:18  Marine x2  
  106  9:19  Neosteel Frame  
  108  9:24  SCV  
  109  9:33  Marine x3  
  109  9:34  Marine x2  
  109  9:35  Marine x2  
  109  9:36  SCV  
  117  9:48  SCV  
  117  9:51  Marine x4  
  117  9:52  Marine  
  123  9:53  Marine x2  
  125  10:00  SCV  
  125  10:02  Starport, SCV  
  127  10:09  Marine x4  
  127  10:13  SCV  
  131  10:22  Marine x3  
  131  10:27  Marine x2  
  136  10:38  Building Armor  
  136  10:40  Marine x3  
  139  10:44  Marine  
  139  10:45  Marine  
  141  10:53  Missile Turret  
  141  10:54  Missile Turret  
  141  10:57  Marine  
  141  10:58  Marine  
  141  11:04  Marine x4  
  144  11:10  Starport Tech Lab  
  147  11:12  Missile Turret  
  147  11:15  Marine  
  147  11:17  Missile Turret  
  148  11:21  Marine  
  148  11:22  Marine x3  
  148  11:23  Missile Turret  
  152  11:26  Marine  
  152  11:27  Marine  
  152  11:32  Missile Turret  
  154  11:33  Marine  
  154  11:36  Missile Turret, Raven  
  154  11:39  Marine x3  
  158  11:40  Marine  
  158  11:42  Missile Turret  
  158  11:43  SCV  
  158  11:44  Marine x2  
  164  11:51  Marine  
  165  11:54  Missile Turret  
  165  12:14  Supply Depot  
  165  12:15  Marine x2  
  165  12:16  Marine, SCV  
  165  12:18  Terran Infantry Weapons Level 2  
  165  12:19  Raven  
  171  12:25  Medivac  
  173  12:36  Marine x3, SCV, Medivac  
  179  12:48  Marine, SCV  
  181  12:57  Marine x4, Medivac  
  187  12:59  Supply Depot  
  187  13:00  SCV  
  188  13:06  Marine  
  142  13:14  Marine x4  
  96  13:24  Marine  
  83  13:27  Factory Tech Lab  
  83  13:32  Marine x4  
  72  13:50  Marine  
  43  14:46  Barracks  
  43  14:49  Barracks  
  43  14:52  Barracks  
  41  14:55  Barracks  
  41  14:57  Command Center  
  41  15:04  Command Center  
  24  15:19  Command Center  
Show
View Real Time Build Order
Export as new Build Order

Tears Terran 

Build Orders:  

Get SALT Encoding   

  12  0:04  SCV  
  13  0:19  Supply Depot  
  13  0:20  SCV  
  14  0:46  Barracks  
  14  0:50  SCV  
  15  1:02  SCV  
  16  1:07  Refinery  
  16  1:12  Refinery  
  16  1:14  SCV  
  17  1:26  SCV  
  17  1:28  Supply Depot  
  18  1:38  SCV  
  19  1:42  Bunker  
  19  1:44  Marine  
  20  1:51  Supply Depot  
  20  2:02  Marine  
  21  2:12  SCV  
  22  2:20  Marine  
  23  2:24  SCV  
  24  2:33  Factory  
  24  2:36  SCV  
  25  2:38  Marine  
  26  3:08  Engineering Bay  
  26  3:17  Factory Tech Lab  
  26  3:26  Starport  
  26  3:35  Supply Depot  
  26  3:38  Siege Tank  
  29  4:01  Missile Turret  
  29  4:03  Starport  
  29  4:07  Starport Tech Lab  
  29  4:10  Siege Tank  
  32  4:22  Missile Turret  
  32  4:32  Banshee  
  32  4:38  Cloaking Field  
  35  4:43  Missile Turret  
  35  5:11  Supply Depot  
  35  5:15  Banshee  
  38  5:26  Sensor Tower  
  38  5:34  Supply Depot  
  38  5:35  Banshee  
  41  5:58  Banshee  
  44  6:25  Banshee  
  47  6:40  Banshee  
  50  6:58  Command Center  
  44  9:07  Banshee  
  44  9:08  Banshee  
  50  9:19  SCV  
  50  9:23  Orbital Command  
  51  9:31  SCV  
  52  9:43  SCV  
  53  10:31  Viking  
  53  10:32  Viking  
  54  11:01  Viking  
  54  11:02  Viking  
  46  11:31  Viking x2  
  47  11:55  Refinery  
  47  12:00  Refinery  
  47  12:01  Viking x2  
  51  12:31  Viking x2  
  55  13:01  Viking x2  
  43  13:31  Viking x2  
  47  13:39  Factory Tech Lab  
  47  14:01  Viking x2  
Tags
 
Add a new tag
Caveats
  • Supply blocks, unpowered buildings, or Contaminate may cause inaccurate times.
  • Supply counts are checked every 10 seconds.